 Dungeon Crawl Stone Soup version 0.31-a0-819-gf6de2f5ab6 (webtiles) character file.

Game seed: 9631297452061317668

253 qw the Shooter (level 6, -1/38 HPs)
             Began as a Gargoyle Hunter on Sept 23, 2023.
             Slain by Terence
             ... wielding a +0 short sword
              (3 damage)
             ... on level 3 of the Dungeon.
             The game lasted 00:00:53 (2196 turns).

qw the Shooter (Gargoyle Hunter)                    Turns: 2196, Time: 00:00:54

Health: -1/38      AC: 14    Str: 15    XL:     6   Next: 14%
Magic:  6/6        EV: 11    Int:  9    God:
Gold:   96         SH:  0    Dex: 15    Spells: 5/5 levels left

rFire   . . .        Y - +0 shortbow
rCold   . . .        (shield currently unavailable)
rNeg    + . .        j - +0 ring mail
rPois   inf          f - +1 helmet
rElec   +            (no cloak)
rCorr   .            (no gloves)
SInv    .            g - +2 pair of boots
Will    .....        (no amulet)
Stlth   +            (no ring)
HPRegen 0.26/turn    (no ring)
MPRegen 0.10/turn

%: no passive effects
@: no status effects
A: sickness immunity, AC +4, negative energy resistance 1, electricity
resistance, torment resistance 1, petrification resistance
a: no special abilities


You were on level 3 of the Dungeon.
You visited 1 branch of the dungeon, and saw 3 of its levels.

You collected 96 gold pieces.


Innate Abilities, Weirdness & Mutations

You are immune to sickness and miasma.
Your stone body is resilient. (AC +4)
You are immune to poison.
You resist negative energy. (rN+)
You are resistant to electric shocks. (rElec)
You are resistant to unholy torment.
You are immune to petrification.


   Skills:
 - Level 4.0 Fighting
 + Level 6.2 Ranged Weapons
 - Level 1.4 Armour
 - Level 1.5 Dodging
 - Level 1.1 Stealth


You had 5 spell levels left.
You didn't know any spells.
Your spell library was empty.

Inventory:

Hand Weapons
 Y - a +0 shortbow (weapon)
Armour
 f - a +1 helmet (worn)
 g - a +2 pair of boots (worn)
 j - a +0 ring mail (worn)
Jewellery
 h - an amulet of magic regeneration
Scrolls
 a - a scroll of fog {unknown}
 b - 2 scrolls of revelation {unknown}
 k - a scroll of amnesia {unknown}
Potions
 c - 2 potions of degeneration {unknown}
 d - a potion of enlightenment {unknown}
 i - 2 potions of mutation {unknown}

Dungeon Overview and Level Annotations

Branches:
Dungeon (3/15)

Altars:

Annotations:
D:3 1 runed translucent door, Crazy Yiuf, Sigmund, Terence


Message History

You are more confused.
Sigmund hits you from afar with a +0 heavy scythe!
Sigmund barely misses you.
Sigmund whispers, "You'll know eternity soon."
Sigmund hits you but does no damage. Sigmund misses you.
You feel less confused.
2187 ||| READING scroll of teleportation.
As you read the scroll of teleportation, it crumbles to dust.
You feel strangely unstable.
Sigmund points at you and mumbles some strange words.
The puff of flame misses you.
You shoot an arrow. The arrow barely misses Sigmund.
Sigmund gestures at you while chanting.
The puff of flame hits you but does no damage.
You shoot an arrow. The arrow hits Sigmund.
Sigmund is heavily wounded.
Sigmund casts a spell at you.
You are confused.
Your surroundings suddenly seem different.
Terence and an endoplasm come into view.
Found a stone staircase leading down.
Terence hits you but does no damage. Terence barely misses you.
The endoplasm hits you but does no damage.
Terence hits you with a +0 short sword. The endoplasm freezes you.
You are frozen.
Terence closely misses you. The endoplasm barely misses you.
You feel less confused. Terence closely misses you.
The endoplasm hits you but does no damage.
You shoot an arrow.
The arrow hits Terence but does no damage.
Terence closely misses you. The endoplasm freezes you.
You are frozen.
You shoot an arrow.
The arrow hits Terence but does no damage.
Terence hits you with a +0 short sword.
You die...

.####....#
## ##..##
# #PP.P#
## #
##P..# ..
. # ##.##
##.## #. #
##.# #....
.. # #.##
..> .# ##
##.#
#J##.# .#
#.##
#.@..# ##
#+# #@####
.# ... ..#
## #...#
#.# #)..#
#. ##### #
#### ...#


You could see Terence and an endoplasm.

Vanquished Creatures
  An orc priest (D:3)
  Natasha (thrice) (D:2)
  Robin (D:2)
  3 gnolls (D:2)
  3 adders
  3 dart slugs
  5 orcs
  7 endoplasms
  2 giant cockroaches
  17 goblins
  8 hobgoblins
  5 kobolds
  2 ball pythons (D:3)
  4 bats
  6 rats
70 creatures vanquished.

Notes
Turn   | Place    | Note
-------+----------+-------------------------------------------
     0 | D:1      | qw the Gargoyle Hunter began the quest for the Orb.
     0 | D:1      | Reached XP level 1. HP: 12/12 MP: 1/1
     0 | D:1      | 0 ||| qw: Version: 0.3-a-83-gcd0e7d8
     0 | D:1      | 0 ||| qw: Game counter: 1410
     0 | D:1      | 0 ||| qw: Melee chars always use a shield: true
     0 | D:1      | 0 ||| qw: God list: Okawaru
     0 | D:1      | 0 ||| qw: Allow faded altars: false
     0 | D:1      | 0 ||| qw: Do Orc after clearing Dungeon:15 true
     0 | D:1      | 0 ||| qw: Do second Lair branch before Depths: true
     0 | D:1      | 0 ||| qw: Lair rune preference: random
     0 | D:1      | 0 ||| qw: Goals: Normal
     0 | D:1      | 0 ||| PLANNING D:1-11
   109 | D:1      | Reached XP level 2. HP: 17/17 MP: 2/2
   538 | D:1      | Reached XP level 3. HP: 20/21 MP: 3/3
   659 | D:1      | Reached skill level 5 in Ranged Weapons
   823 | D:1      | 823 ||| UPGRADING to +2 pair of boots.
   828 | D:1      | 828 ||| UPGRADING to +0 ring mail.
   838 | D:1      | 838 ||| DROPPING +0 leather armour.
   839 | D:1      | 839 ||| READING 2 scrolls labelled QACA WOTZIXTY.
   843 | D:1      | 843 ||| READING scroll labelled KUNAITROPT.
   844 | D:1      | 844 ||| READING scroll labelled VODAMI GIHOA.
   845 | D:1      | 845 ||| DROPPING scroll of butterflies.
   935 | D:2      | 935 ||| Stepping ~*~*~tactically~*~*~ (retreating).
   937 | D:2      | Reached skill level 1 in Armour
   950 | D:2      | Reached XP level 4. HP: 17/27 MP: 4/4
  1001 | D:2      | Reached skill level 3 in Fighting
  1072 | D:2      | Noticed Robin
  1082 | D:2      | Noticed Natasha
  1092 | D:2      | Killed Robin
  1092 | D:2      | HP: 6/28 [Natasha (4)]
  1093 | D:2      | 1093 ||| READING scroll of teleportation.
  1095 | D:2      | Killed Natasha
  1096 | D:2      | Reached XP level 5. HP: 6/32 MP: 5/5
  1457 | D:2      | Noticed Natasha
  1461 | D:2      | Killed Natasha
  1488 | D:2      | Noticed Natasha
  1491 | D:2      | Killed Natasha
  1492 | D:2      | Reached skill level 6 in Ranged Weapons
  1595 | D:2      | 1595 ||| UPGRADING to +0 helmet.
  1600 | D:2      | 1600 ||| READING scroll labelled VUUQERISOI.
  1601 | D:2      | 1601 ||| READING scroll labelled CAIH XASULIMIR.
  1602 | D:2      | 1602 ||| READING scroll labelled CUTWEUS DIMMES.
  1623 | D:3      | 1623 ||| STAIRDANCE
  1651 | D:3      | 1651 ||| STAIRDANCE
  1701 | D:3      | 1701 ||| READING scroll of enchant armour.
  1701 | D:3      | 1701 ||| ENCHANTING +0 helmet.
  1778 | D:3      | Reached XP level 6. HP: 34/38 MP: 6/6
  1784 | D:3      | 1784 ||| FLEEEEING.
  1785 | D:3      | 1785 ||| FLEEEEING.
  1786 | D:3      | 1786 ||| FLEEEEING.
  1787 | D:3      | 1787 ||| FLEEEEING.
  1788 | D:3      | 1788 ||| FLEEEEING.
  1789 | D:3      | 1789 ||| FLEEEEING.
  1790 | D:3      | 1790 ||| FLEEEEING.
  1791 | D:3      | 1791 ||| FLEEEEING.
  2148 | D:3      | Found a runed translucent door.
  2149 | D:3      | Noticed Crazy Yiuf
  2172 | D:3      | Noticed Sigmund
  2178 | D:3      | HP: 6/38 [Sigmund/+0 heavy scythe (10)]
  2187 | D:3      | 2187 ||| READING scroll of teleportation.
  2190 | D:3      | Noticed Terence
  2192 | D:3      | HP: 8/38 [Terence/+0 short sword (2)]
  2195 | D:3      | HP: 2/38 [frozen (3)]
  2196 | D:3      | Slain by Terence

Levels and vault maps discovered:
D:1:      amcnicky_arrival_abandoned_market, layout_basic, wad_floor_pattern_1,
          chequers_garden
D:2:      layout_basic, uniq_robin, uniq_natasha
D:3:      layout_loops_ring, uniq_terence, uniq_crazy_yiuf_cottage, uniq_sigmund

Skill      XL: |  1  2  3  4  5  6 |
---------------+-------------------+-----
Ranged Weapons | 5 6 |  6.2
Armour         | 1 |  1.4
Fighting       | 3 4 |  4.0
Dodging        | |  1.5
Stealth        | |  1.1

Action                     |  1- 3 |  4- 6 || total
---------------------------+-------+-------++-------
   Fire: Shortbow          |    81 |   111 ||   192
    Use: Scroll            |     3 |     6 ||     9
 Armour: Leather armour    |     8 |       ||     8
         Ring mail         |     7 |    56 ||    63
  Dodge: Dodged            |    13 |    36 ||    49

Table legend:
 A = Non-vault XP
 B = Vault XP
 C = Vault XP percentage of total XP
 D = Non-vault monster count
 E = Vault monster count
 F = Vault count percentage of total count
                 A         B        C        D         E       F
            +---------+---------+-------+---------+---------+-------
      Total |     289 |      73 |  20.2 |      57 |      13 |  18.6
            +---------+---------+-------+---------+---------+-------
        D:1 |      39 |       0 |   0.0 |      19 |       0 |   0.0
        D:2 |     159 |      73 |  31.5 |      23 |      13 |  36.1
        D:3 |      91 |       0 |   0.0 |      15 |       0 |   0.0
            +---------+---------+-------+---------+---------+-------
